 Dungeon Crawl Stone Soup version 0.20.1-1-g8b1a95d (console) character file.

2722 vuolankoinen the Gouger (level 9, -9/39 HPs)
             Began as a Felid Summoner on Nov 6, 2017.
             Was a Believer of Ru.
             Mangled by a dream sheep (14 damage)
             ... on level 8 of the Dungeon.
             The game lasted 00:47:10 (10979 turns).

vuolankoinen the Gouger (Felid Summoner)           Turns: 10979, Time: 00:47:11

Health: -9/39      AC:  2    Str:  4    XL:     9   Next: 39%
Magic:  0/13       EV: 22    Int: 19    God:    Ru [**....]
Gold:   384        SH:  0    Dex: 17    Spells: 6/12 levels left
                                        Lives:  0   Deaths: 2

rFire    . . .     SeeInvis +     - Unarmed
rCold    . . .     Gourm    .   (shield unavailable)
rNeg     + . .     Faith    .   (armour unavailable)
rPois    .         Spirit   +   (helmet unavailable)
rElec    .         Reflect  .   (cloak unavailable)
rCorr    .         Harm     .   (gloves unavailable)
MR       +....                  (boots unavailable)
Stlth    ++++......             p - amulet of guardian spirit (curse)
Regen    0.2/turn               y - ring of positive energy
MPRegen  0.2/turn               f - +3 ring of slaying

@: sleeping, quick
A: no armour, no weapons or thrown items, stealth, claws 1, fangs 3, see
invisible, carnivore 3, speed 1, shaggy fur 2, slow metabolism 1, unskilled 1,
sharp paws
a: Renounce Religion


You were on level 8 of the Dungeon.
You worshipped Ru.
Ru was pleased with you.
You were very full.

You visited 2 branches of the dungeon, and saw 9 of its levels.

You collected 384 gold pieces.

Inventory:

Jewellery
 f - a +3 ring of slaying (right paw)
 p - a cursed amulet of guardian spirit (around neck)
 y - a ring of positive energy (left paw)
 B - an uncursed ring of fire
Wands
 h - a wand of polymorph (12/24)
 A - a wand of flame (12/48)
Scrolls
 c - a scroll of amnesia {unknown}
 d - a scroll of random uselessness {unknown}
 g - 8 scrolls of identify {unknown}
 j - a scroll of blinking {unknown}
 k - 2 scrolls of enchant armour {unknown}
 o - 6 scrolls of remove curse {unknown}
 r - 5 scrolls of teleportation {unknown}
 t - a scroll of fear {unknown}
 v - 2 scrolls of noise {unknown}
 z - a scroll of summoning {unknown}
 D - a scroll of immolation {unknown}
Potions
 e - a potion of cancellation {unknown}
 i - 2 potions of mutation {unknown}
 l - a potion of flight {unknown}
 m - a potion of ambrosia {unknown}
 n - a potion of degeneration {unknown}
 q - 2 potions of brilliance {unknown}
 s - a potion of magic {unknown}
 u - 4 potions of curing {unknown}
 x - 2 potions of berserk rage {unknown}
 C - a potion of lignification {unknown}
 G - a potion of agility {unknown}
Books
 a - a book of Callings

   Spells                             Type                      Level
   a - Summon Small Mammal            Summoning                    1
   b - Call Imp                       Summoning                    2
   c - Call Canine Familiar           Summoning                    3
   d - Summon Guardian Golem          Hexes/Summoning              3
   e - Summon Lightning Spire         Summoning/Air                4
   f - Summon Ice Beast               Ice/Summoning                4
 F - a book of Necromancy

   Spells                             Type                      Level
   a - Pain                           Necromancy                   1
   b - Animate Skeleton               Necromancy                   1
   c - Vampiric Draining              Necromancy                   3
   d - Regeneration                   Charms/Necromancy            3
   e - Animate Dead                   Necromancy                   4
   f - Control Undead                 Necromancy                   4
Comestibles
 b - 5 meat rations
 w - a royal jelly


   Skills:
 * Level 4.4 Fighting
 + Level 6.8 Dodging
 + Level 7.7 Stealth
 + Level 8.7 Unarmed Combat
 + Level 2.1 Spellcasting
 + Level 3.8 Summonings


You had 6 spell levels left.
You knew the following spells:

 Your Spells              Type           Power        Failure   Level  Hunger
a - Summon Small Mammal   Summ           ###.         3%          1    #......
b - Call Imp              Summ           ###.....     5%          2    ##.....
c - Call Canine Familiar  Summ           ###.....     11%         3    ###....


Dungeon Overview and Level Annotations

Branches:
Dungeon (8/15)             Temple (1/1) D:6
   Lair: D:8-11

Altars:
Ashenzari
Cheibriados
Dithmenos
Elyvilon
Gozag
Hepliaklqana
Kikubaaqudgha
Makhleb
Nemelex Xobeh
Okawaru
Qazlal
Ru
Sif Muna
Trog
Uskayaw
Vehumet
Yredelemnul
Zin
The Shining One

Annotations:
D:4 Menkaure


Innate Abilities, Weirdness & Mutations

You cannot wear armour.
You are incapable of wielding weapons or throwing items.
Your paws allow you to move quietly. (Stealth)
You have sharp claws.
You have razor-sharp teeth.
You have supernaturally acute eyesight. (SInv)
You are carnivorous and can eat meat at any time.
You cover ground quickly.
You are covered in thick fur. (AC +2)
You have a slow metabolism.
You are somewhat unskilled. (-1 Apt)
Your sharp claws are effective at attacking unaware monsters.


Message History

The dream sheep completely misses your crimson imp.
Your crimson imp blinks!
The dream sheep closely misses you.
You wake up.
Casting: Call Imp
Confirm with . or Enter, or press ? or * to list all spells.
You don't have enough magic to cast that spell.
Casting: Call Imp
Confirm with . or Enter, or press ? or * to list all spells.
The dream sheep bites you!
* * * LOW HITPOINT WARNING * * *
You focus your will and illuminate the dream sheep in retribution!
You swap places.
The dream sheep bites your rat.
Your rat dies!
Your rat's corpse disappears in a puff of smoke!
The dream sheep shake their wool and sparkle.
You feel drowsy...
You fall asleep.
Your magical contamination has completely faded away.
The dream sheep bites you!
You die...

##...######### ##.#
#.....# ###. ...>.#
#.######### #) ##...#
#.......# #) #...#
#.#####.# #. ....#
#.#####.# #.
########....##.# #.
#........##.##.### #.
#.#####..........######.
#.########........ #.#
######### #@##
#######Y.# +.P≈PP##K#
#≈≈)≈P##.# #+##P≈P.≈##Y#
#..#.%..Y##Y#
#..'.%..Y...#
#$.'..P.Y#### #%.'..%(≈#
#%.#.....# ##########


You could see a yak, a big kobold and 2 dream sheep.

Vanquished Creatures
  Grinder (D:6)
  A hippogriff (D:6)
  A wyvern (D:8)
  Edmund (D:4)
  3 ogres
  2 black bears (D:6)
  A phantom (D:8)
  A big kobold (D:8)
  A gnoll sergeant (D:8)
  A water moccasin zombie (D:8)
  3 howler monkeys
  2 crimson imps
  A bullfrog zombie (D:6)
  A bullfrog skeleton (D:7)
  2 hounds (D:8)
  4 orc wizards
  Crazy Yiuf (D:2)
  5 orc priests
  A gnoll shaman (D:4)
  An iguana (D:4)
  5 worker ants
  A worker ant zombie (D:5)
  Robin (D:2)
  6 gnolls
  6 adders
  3 shadow imps (D:5)
  An ooze (D:1)
  An adder zombie (D:5)
  7 leopard geckos
  17 orcs
  4 giant cockroaches
  11 goblins
  6 hobgoblins
  7 jackals
  4 quokkas
  2 ball pythons
  8 bats
  11 frilled lizards
  7 kobolds
  A leopard gecko skeleton (D:7)
  A leopard gecko zombie (D:7)
  A quokka skeleton (D:6)
  6 rats
151 creatures vanquished.

Vanquished Creatures (collateral kills)
  The ghost of Thjof the Gusty, an amateur DrAE (D:4)
  A bullfrog (D:4)
  A scorpion (D:4)
  3 wights
  2 hounds (D:6)
  2 orc wizards (D:4)
  5 adders
  2 gnolls (D:2)
  4 orcs (D:4)
  2 goblins
  3 hobgoblins
26 creatures vanquished.

Vanquished Creatures (others)
  A two-headed ogre (D:8)
  A gnoll (D:2)
  A goblin (D:2)
  A bat (D:2)
  A rat (D:2)
5 creatures vanquished.

Grand Total: 182 creatures vanquished

Notes
Turn   | Place    | Note
-------+----------+-------------------------------------------
     0 | D:1      | vuolankoinen the Felid Summoner began the quest for the Orb.
     0 | D:1      | Reached XP level 1. HP: 7/7 MP: 4/4
   608 | D:1      | Reached XP level 2. HP: 12/12 MP: 6/6
   625 | D:1      | Learned a level 2 spell: Call Imp
   949 | D:1      | Reached skill level 1 in Unarmed Combat
   974 | D:1      | Reached skill level 1 in Fighting
  1275 | D:1      | Reached XP level 3. HP: 13/15 MP: 7/7
  1376 | D:2      | Found a radiant altar of Vehumet.
  1380 | D:2      | Noticed Robin
  2088 | D:2      | Found a snail-covered altar of Cheibriados.
  2241 | D:2      | Reached skill level 2 in Unarmed Combat
  2510 | D:2      | Reached XP level 4. HP: 19/19 MP: 8/8
  2519 | D:2      | Killed Robin
  2587 | D:2      | Mangled by a gnoll
  2588 | D:2      | Reached XP level 3. HP: -8/15 MP: 7/7
  2677 | D:2      | Found a runed door.
  2705 | D:3      | Noticed Grinder
  3084 | D:2      | Learned a level 3 spell: Call Canine Familiar
  3211 | D:4      | Reached XP level 4. HP: 15/19 MP: 8/8
  3370 | D:4      | Found a sacrificial altar of Ru.
  3429 | D:4      | Noticed a bullfrog
  3442 | D:4      | Noticed Thjof's ghost (amateur DrAE)
  3464 | D:4      | Killed a bullfrog
  3483 | D:4      | Reached skill level 3 in Unarmed Combat
  3483 | D:4      | Reached XP level 5. HP: 9/22 MP: 1/9
  3753 | D:4      | Reached skill level 5 in Stealth
  3933 | D:5      | Entered Level 5 of the Dungeon
  4430 | D:3      | Paralysed by Grinder for 7 turns
  4444 | D:3      | Paralysed by Grinder for 3 turns
  4616 | D:2      | Noticed Crazy Yiuf
  4620 | D:2      | Killed Crazy Yiuf
  4679 | D:4      | Gained mutation: You are covered in thick fur. (AC +2) [Felid growth]
  4679 | D:4      | Reached XP level 6. HP: 22/26 MP: 3/10
  4739 | D:4      | You fall through a shaft for 3 floors!
  4946 | D:7      | Found a glowing golden altar of the Shining One.
  5026 | D:7      | Reached skill level 4 in Unarmed Combat
  5467 | D:6      | Found a white marble altar of Elyvilon.
  5554 | D:6      | Noticed a hippogriff
  5635 | D:6      | Reached XP level 7. HP: 26/30 MP: 5/11
  5705 | D:6      | Found a burning altar of Makhleb.
  5728 | D:6      | Reached skill level 5 in Unarmed Combat
  5741 | D:6      | Found a bloodstained altar of Trog.
  5807 | D:6      | Found a staircase to the Ecumenical Temple.
  5809 | D:6      | Found a faded altar of an unknown god.
  5816 | Temple   | Entered the Ecumenical Temple
  5993 | D:5      | Reached skill level 5 in Dodging
  6213 | D:4      | HP: 1/30 [orc/flail of crushing (10)]
  6213 | D:4      | Slain by an orc
  6214 | D:4      | Reached XP level 6. HP: -1/27 MP: 0/10
  6315 | D:4      | Became a worshipper of Ru the Awakened
  6366 | D:4      | Noticed Edmund
  6460 | D:4      | Noticed Menkaure
  7439 | D:4      | Reached XP level 7. HP: 13/30 MP: 5/11
  7724 | D:4      | Killed Thjof's ghost
  7724 | D:4      | Reached skill level 6 in Unarmed Combat
  7865 | D:4      | Killed Edmund
  8439 | D:5      | Found an opulent altar of Gozag.
  8898 | D:6      | Killed Grinder
  9004 | D:6      | Reached skill level 7 in Unarmed Combat
  9094 | D:6      | Reached XP level 8. HP: 34/34 MP: 12/12
  9111 | D:6      | Killed a hippogriff
  9133 | D:6      | Found a stormy altar of Qazlal.
 10135 | D:7      | Gained mutation: You are somewhat unskilled. (-1 Apt) [Ru sacrifice]
 10135 | D:7      | Reduced skill Dodging to level 5
 10135 | D:7      | Reached * piety under Ru
 10135 | D:7      | Reached ** piety under Ru
 10466 | D:8      | Noticed a two-headed ogre
 10469 | D:8      | Killed a two-headed ogre
 10469 | D:8      | Reached skill level 8 in Unarmed Combat
 10469 | D:8      | Reached XP level 9. HP: 39/39 MP: 13/13
 10979 | D:8      | Mangled by a dream sheep

Skill      XL: |  1  2  3  4  5  6  7  8 |
---------------+-------------------------+-----
Stealth        | 3 4 5 6 7 |  7.7
Unarmed Combat | 1 2 3 4 7 8 |  8.7
Fighting       | 1 2 3 4 |  4.4
Dodging        | 3 4 6 6 |  6.8
Summonings     | 3 |  3.8
Spellcasting   | |  2.1

Action                   |  1- 3 |  4- 6 |  7- 9 || total
-------------------------+-------+-------+-------++-------
Melee: Unarmed           |   136 |   176 |   269 ||   581
       Bite              |    12 |    26 |    27 ||    65
       Punch             |       |     3 |     8 ||    11
 Cast: Summon Small Mamm |    10 |    10 |     3 ||    23
       Call Imp          |    10 |    28 |    21 ||    59
       Call Canine Famil |     1 |     6 |     6 ||    13
Invok: Sacrifice Skill   |       |       |     1 ||     1
 Stab: Sleeping          |    18 |    14 |    10 ||    42
       Distracted        |     1 |     2 |     4 ||     7
  Eat: Chunk             |    15 |    11 |    14 ||    40
Armor: Skin              |     8 |     6 |     8 ||    22
Dodge: Dodged            |   106 |   120 |   211 ||   437
